Map: Backwater LE

Players

SpeCial - Winner!

  • Race: Terran Terran
  • League: Master
  • Spawn Location: 11:00

Kelazhur

  • Race: Terran Terran
  • League: Master
  • Spawn Location: 5:00

Event: IEM Season 12 - PyeongChang

VOD

Have the link to the VOD?

Description

Time

  • Played on: Feb. 4, 2018, 2:52 p.m.
  • Length: 15:08

All games in this series

Show
View Real Time Build Order
Export as new Build Order

SpeCial Terran - Winner!

Build Orders: Reaper Expand, Mech 

Get SALT Encoding   

  12  0:00  SCV  
  13  0:12  SCV  
  14  0:17  Supply Depot  
  14  0:24  SCV  
  15  0:39  SCV  
  15  0:40  Barracks  
  16  0:43  Refinery  
  16  0:51  SCV  
  17  1:03  SCV  
  18  1:15  SCV  
  19  1:29  Reaper  
  19  1:30  Orbital Command  
  20  1:39  Command Center  
  20  1:47  Supply Depot  
  20  1:57  SCV  
  21  2:01  Marine  
  21  2:06  Factory  
  22  2:09  SCV  
  22  2:14  Refinery  
  23  2:21  SCV  
  23  2:22  Barracks Reactor  
  24  2:33  SCV  
  25  2:45  SCV  
  26  2:52  Orbital Command  
  26  2:58  SCV  
  27  3:05  Cyclone  
  30  3:08  Cyclone  
  30  3:10  SCV  
  34  3:15  Command Center  
  34  3:18  SCV  
  35  3:22  SCV  
  36  3:32  SCV  
  38  3:34  SCV  
  37  3:41  Supply Depot  
  37  3:44  Cyclone  
  37  3:45  Cyclone  
  37  3:46  SCV x2  
  45  3:58  SCV  
  45  3:59  SCV  
  46  4:02  Supply Depot  
  46  4:10  SCV, Refinery  
  46  4:12  SCV, Refinery  
  46  4:17  Cyclone  
  51  4:23  SCV  
  51  4:24  Cyclone, SCV  
  53  4:27  Barracks Tech Lab  
  56  4:35  SCV  
  57  4:40  SCV  
  56  4:47  SCV  
  56  4:48  Orbital Command  
  56  4:49  Hellion  
  56  4:52  SCV  
  59  4:56  Hellion  
  59  4:59  SCV  
  53  5:05  SCV, Factory  
  54  5:07  Factory  
  54  5:11  SCV  
  55  5:16  Armory  
  55  5:17  SCV  
  55  5:20  SCV  
  57  5:21  Cyclone  
  57  5:23  SCV  
  57  5:28  Cyclone  
  64  5:29  SCV  
  64  5:35  SCV  
  67  5:39  Orbital Command  
  67  5:41  SCV  
  68  5:47  SCV  
  68  5:50  Barracks Reactor  
  68  5:51  Hellion, Starport  
  68  5:53  SCV  
  71  5:57  Cyclone  
  71  5:59  Hellion, SCV  
  77  6:05  SCV  
  77  6:06  Supply Depot  
  77  6:08  Supply Depot  
  77  6:17  SCV  
  77  6:18  SCV  
  77  6:21  Cyclone  
  77  6:24  Cyclone  
  77  6:25  SCV  
  77  6:29  SCV  
  77  6:30  SCV  
  77  6:32  Supply Depot, Terran Vehicle Weapons Level 1  
  79  6:34  Liberator  
  79  6:37  SCV  
  79  6:38  Refinery  
  80  6:40  Refinery  
  80  6:42  SCV x2, Hellion  
  80  6:43  Siege Tank  
  87  6:49  SCV  
  87  6:54  SCV x2  
  90  6:55  Supply Depot  
  90  6:56  Hellion  
  90  7:01  SCV  
  92  7:04  Hellion, Factory Tech Lab  
  92  7:06  SCV  
  92  7:07  SCV  
  92  7:13  SCV  
  93  7:18  Supply Depot, Hellion, SCV, Armory  
  93  7:19  SCV  
  97  7:24  Siege Tank, Factory x2  
  97  7:25  SCV, Hellion  
  97  7:29  Siege Tank  
  106  7:32  SCV x2  
  108  7:40  Viking x2, Hellion  
  114  7:51  Hellion  
  116  8:01  Supply Depot  
  116  8:02  Supply Depot, Barracks  
  116  8:03  Supply Depot  
  116  8:04  Siege Tank  
  119  8:06  Command Center  
  119  8:07  Infernal Pre-Igniter  
  119  8:09  Factory Reactor  
  119  8:10  Viking x2, Factory Tech Lab  
  119  8:12  Supply Depot  
  123  8:13  Engineering Bay  
  125  8:20  Hellion  
  125  8:22  Siege Tank  
  125  8:23  Hellion  
  125  8:24  Supply Depot  
  125  8:25  Supply Depot  
  125  8:26  Supply Depot  
  130  8:30  Supply Depot  
  130  8:31  Engineering Bay  
  130  8:35  Siege Tank  
  139  8:41  Hellion  
  139  8:42  Terran Vehicle Weapons Level 2  
  139  8:43  Terran Vehicle And Ship Armor Level 1  
  139  8:44  Hellion  
  139  8:45  Supply Depot  
  137  8:54  Hellion  
  137  8:55  Hellion  
  141  8:57  Siege Tank  
  146  9:03  Hellion  
  146  9:04  Medivac x2  
  146  9:05  SCV x3, Hellion  
  155  9:13  Hellion  
  155  9:14  Supply Depot  
  155  9:16  Hellion  
  159  9:22  Missile Turret x2, Sensor Tower  
  161  9:24  Hellion, Planetary Fortress  
  161  9:30  Siege Tank  
  161  9:31  Hellion  
  164  9:32  Hellion  
  164  9:37  Medivac x2  
  164  9:38  Missile Turret  
  170  9:39  Missile Turret  
  170  9:44  Hellion  
  170  9:46  Siege Tank  
  170  9:51  Hellion  
  175  9:54  Refinery  
  175  9:55  Refinery  
  175  9:58  Hellion x2, Siege Tank  
  182  10:02  Siege Tank  
  183  10:07  Viking  
  183  10:18  Thor  
  186  10:25  Hellion x2  
  186  10:26  Hellion  
  192  10:32  Sensor Tower  
  192  10:36  Thor  
  192  10:39  Hellion  
  197  10:44  Starport  
  197  10:56  Thor  
  177  10:57  Hellion x2  
  177  10:58  Hellion  
  177  11:01  Siege Tank  
  184  11:07  Smart Servos  
  184  11:08  Viking x2  
  182  11:20  Terran Ship Weapons Level 1  
  182  11:22  Starport Reactor, Starport  
  156  11:42  Thor  
  156  11:43  Thor  
  156  11:44  Viking  
  156  11:45  Viking  
  165  11:50  Thor  
  165  11:51  Hellion x4  
  179  12:06  Viking, Starport Reactor  
  178  12:17  Viking, Hellion x3  
  178  12:18  Viking x2  
  178  12:20  Hellion, Command Center  
  192  12:30  Terran Vehicle And Ship Armor Level 2  
  179  12:44  Hellion x2, Siege Tank, Liberator  
  147  12:47  Siege Tank  
  147  12:48  Hellion, Siege Tank  
  136  12:51  Viking x3  
  136  12:52  Viking x2  
  143  13:03  Hellion  
  150  13:05  Hellion  
  150  13:06  Hellion  
  150  13:10  Hellion  
  154  13:16  Siege Tank  
  157  13:20  Siege Tank x2  
  157  13:21  Viking x2, Liberator  
  157  13:26  Hellion  
  163  13:29  Refinery  
  163  13:30  Refinery  
  163  13:33  Planetary Fortress  
  161  13:37  Supply Depot  
  161  13:40  Hellion  
  168  13:41  Hellion  
  168  13:42  Hellion  
  168  13:44  Command Center, Liberator  
  168  13:46  Liberator  
  170  13:48  Siege Tank  
  170  13:52  Siege Tank  
  170  13:54  Siege Tank  
  179  14:00  Hellion  
  174  14:06  Viking  
  174  14:08  Hellion x2  
  174  14:09  Hellion  
  185  14:13  Missile Turret  
  185  14:20  Siege Tank  
  188  14:27  Viking x2  
  189  14:36  Hellion x2  
Show
View Real Time Build Order
Export as new Build Order

Kelazhur Terran 

Build Orders: Gas First Reaper Expand, Reaper Expand, Bio Tank 

Get SALT Encoding   

  12  0:00  SCV  
  13  0:12  SCV  
  14  0:16  Supply Depot  
  14  0:24  SCV  
  14  0:28  Refinery  
  15  0:38  SCV  
  16  0:44  Barracks  
  16  0:50  SCV  
  17  1:02  SCV  
  18  1:14  SCV  
  19  1:31  Reaper, Orbital Command  
  20  1:45  Command Center  
  20  1:55  Factory  
  20  1:58  SCV  
  21  2:05  Barracks Reactor  
  21  2:09  Supply Depot  
  21  2:12  SCV  
  22  2:21  Refinery  
  22  2:24  SCV  
  23  2:37  SCV  
  23  2:43  Starport  
  23  2:49  SCV  
  23  2:50  Hellion x2  
  28  2:57  Orbital Command  
  28  3:03  SCV  
  29  3:07  Supply Depot  
  29  3:16  SCV  
  29  3:19  Factory Tech Lab  
  30  3:25  Viking  
  30  3:26  SCV  
  33  3:28  Marine x2  
  35  3:35  SCV  
  35  3:38  SCV  
  37  3:44  Siege Tank  
  37  3:46  Marine x2  
  37  3:47  SCV  
  43  3:50  SCV  
  43  4:01  SCV  
  43  4:02  SCV  
  45  4:05  Viking, Marine  
  48  4:14  SCV x2  
  48  4:16  Siege Tank  
  53  4:20  Supply Depot  
  53  4:24  Marine  
  54  4:41  Viking, SCV x2, Marine  
  54  4:42  Marine  
  57  4:53  SCV x2  
  57  4:58  Siege Tank  
  57  4:59  Marine  
  57  5:00  Marine  
  57  5:05  SCV x2  
  58  5:16  Marine  
  58  5:17  SCV  
  58  5:18  Marine  
  58  5:20  SCV, Command Center  
  62  5:27  Supply Depot  
  62  5:32  Viking  
  62  5:43  SCV, Siege Tank  
  62  5:45  Barracks x2  
  62  5:47  SCV  
  67  5:58  Barracks Tech Lab  
  67  6:08  SCV  
  67  6:20  Siege Tank  
  67  6:23  Marine  
  59  6:28  SCV x2, Refinery  
  59  6:29  Bunker, Refinery  
  59  6:30  Stimpack  
  59  6:31  Engineering Bay  
  55  6:33  Engineering Bay  
  55  6:36  Orbital Command  
  55  6:40  SCV  
  55  6:43  Marine, Barracks Tech Lab, Barracks  
  55  6:44  SCV, Barracks  
  58  6:49  Engineering Bay  
  58  6:52  SCV, Siege Tank  
  62  6:59  Marine  
  62  7:00  Marine  
  62  7:01  Marine x2, Combat Shields  
  64  7:03  SCV  
  64  7:04  SCV  
  64  7:05  SCV  
  64  7:07  Terran Infantry Weapons Level 1  
  66  7:10  Terran Infantry Armor Level 1  
  66  7:15  SCV  
  67  7:17  Starport Reactor  
  67  7:19  Marine  
  67  7:20  SCV x2  
  67  7:21  Marine x2  
  67  7:22  Marine, Refinery x2  
  73  7:27  SCV  
  74  7:32  SCV  
  74  7:36  Barracks Reactor, Marine, Barracks Tech Lab  
  76  7:39  SCV x2  
  76  7:40  Supply Depot  
  76  7:41  Marauder  
  76  7:44  SCV  
  81  7:48  Marine x2  
  83  7:51  SCV  
  83  7:53  Viking, Siege Tank, Starport  
  83  7:54  Viking  
  83  7:55  SCV  
  83  7:56  SCV  
  92  8:03  Supply Depot, SCV  
  92  8:04  Supply Depot  
  92  8:05  Supply Depot  
  92  8:07  SCV  
  92  8:08  SCV  
  94  8:15  SCV, Marine  
  94  8:16  Marine x2, Marauder x2  
  101  8:24  SCV x2, Marine  
  104  8:28  Supply Depot x2, SCV  
  104  8:30  Supply Depot, Armory  
  104  8:32  Viking  
  104  8:33  Viking  
  109  8:37  SCV  
  109  8:38  Viking  
  112  8:43  SCV x2  
  114  8:49  SCV  
  114  8:52  Supply Depot  
  114  8:56  Supply Depot  
  114  9:01  Marine, Marauder  
  114  9:02  Marauder x2  
  121  9:06  Viking x2, Marine  
  121  9:07  Marine x2  
  128  9:10  Concussive Shells  
  128  9:11  Viking  
  130  9:18  Supply Depot, Terran Ship Weapons Level 1  
  130  9:19  Supply Depot x2  
  130  9:20  Siege Tank  
  130  9:22  Marine  
  130  9:23  Marine x2, Marauder  
  138  9:25  Marine x2  
  138  9:26  Marine, Liberator  
  138  9:27  Liberator  
  141  9:32  Command Center  
  141  9:39  Viking  
  141  9:40  Marine  
  141  9:41  Marauder x2  
  141  9:43  Marine  
  152  9:50  Marine  
  152  9:51  Marine, Marauder  
  156  9:58  Marine  
  157  10:10  Marine x2  
  157  10:11  Viking, Marauder  
  163  10:14  Terran Infantry Weapons Level 2  
  163  10:15  Terran Infantry Armor Level 2  
  160  10:23  Marine  
  160  10:24  Marine, Marauder x2  
  160  10:26  Viking  
  160  10:27  Supply Depot  
  160  10:28  Marine  
  168  10:29  Missile Turret  
  168  10:30  Supply Depot  
  168  10:31  Marine  
  168  10:35  Marauder  
  166  10:45  Marine x2, Marauder  
  166  10:49  Liberator  
  170  10:50  Liberator x2  
  147  11:00  Marine, Marauder  
  147  11:02  Marine  
  147  11:03  Marauder  
  141  11:10  SCV x3  
  142  11:22  SCV x2  
  144  11:32  Liberator x2  
  127  11:33  Marauder  
  127  11:34  SCV, Siege Tank  
  132  11:45  Marine  
  132  11:46  Marine, Marauder  
  130  11:50  Marauder  
  139  12:06  Siege Tank  
  138  12:10  Starport Tech Lab  
  138  12:13  Fusion Core  
  138  12:14  SCV x2  
  138  12:15  SCV, Marine x3  
  140  12:16  Marine, Marauder  
  144  12:29  Liberator  
  141  12:30  Liberator  
  141  12:36  Liberator  
  126  12:40  Marauder  
  126  12:42  Siege Tank, Marine x6  
  89  12:49  SCV x3  
  88  13:00  Marine  
  88  13:01  SCV x3, Marauder  
  88  13:05  Orbital Command  
  94  13:12  Liberator  
  94  13:13  SCV x3  
  94  13:19  Marine x3, Marauder  
  103  13:20  Marine, Marauder  
  103  13:22  Marine  
  103  13:25  SCV  
  103  13:26  SCV x2  
  112  13:35  Siege Tank  
  112  13:36  SCV  
  112  13:37  SCV, Marine  
  112  13:38  SCV  
  119  13:48  Viking x2  
  123  14:02  Marine x2, Marauder  
  123  14:03  Marine x3  
  126  14:13  SCV x3  
  126  14:15  Refinery  
  126  14:16  Refinery  
  129  14:21  SCV  
  130  14:29  Viking  
  129  14:33  Viking x2  
  119  14:38  Marine  
  119  14:39  Marine x2, Marauder  
  120  14:48  Marine  
  115  14:55  SCV  

Tags
 
Add a new tag
Caveats
  • Supply blocks, unpowered buildings, or Contaminate may cause inaccurate times.
  • Supply counts are checked every 10 seconds.